 Dungeon Crawl Stone Soup version 0.19.0-11-g3fc08b3 (webtiles) character file.

6293 Jarno the Geomancer (level 10, -2/59 HPs)
             Began as a Gargoyle Earth Elementalist on Nov 9, 2016.
             Was a Follower of Vehumet.
             Slain by an eight-headed hydra (10 damage)
             ... on level 1 of the Lair of Beasts.
             The game lasted 00:37:54 (10649 turns).

Jarno the Geomancer (Gargoyle Earth Elementalist)  Turns: 10649, Time: 00:37:54

Health: -2/59      AC: 19    Str: 12    XL:     10   Next: 94%
Magic:  9/13       EV: 12    Int: 19    God:    Vehumet [*.....]
Gold:   87         SH:  0    Dex: 10    Spells: 4 memorised, 5 levels left

rFire  . . .     SeeInvis .     a - +2 mace (drain)
rCold  . . .     Gourm    .     j - +0 ring mail
rNeg   + . .     Faith    .     (no shield)
rPois  ∞         Spirit   .     v - +1 helmet
rElec  +         Reflect  .     u - +0 cloak
rCorr  .         Harm     .     c - +0 pair of gloves
MR     .....                    i - +0 pair of boots
Stlth  +.........               t - amulet of rage
                                s - ring of flight
                                (no ring)

@: no status effects
A: negative energy resistance 1, electricity resistance, unbreathing,
petrification resistance, rot immunity, AC +7
a: Renounce Religion, Evoke Berserk Rage, Evoke Flight


You were on level 1 of the Lair of Beasts.
You worshipped Vehumet.
Vehumet was aware of your devotion.
You were hungry.

You visited 3 branches of the dungeon, and saw 11 of its levels.

You collected 289 gold pieces.
You spent 202 gold pieces at shops.

Inventory:

Hand Weapons
 a - a +2 mace of draining (weapon)
 A - a +0 mace of venom
 H - a +0 blowgun
Missiles
 b - 150 stones (quivered)
 w - 28 poisoned needles
Armour
 c - a +0 pair of gloves (worn)
 i - a +0 pair of boots (worn)
 j - a +0 ring mail (worn)
 u - a +0 cloak (worn)
 v - a +1 helmet (worn)
Rods
 h - a +1 iron rod (0/12)
   (You found it on level 5 of the Dungeon)
Jewellery
 l - an uncursed amulet of regeneration
 o - a +3 ring of evasion
 s - a ring of flight (right hand)
 t - an amulet of rage (around neck)
Wands
 C - a wand of slowing (16/48)
Scrolls
 f - 4 scrolls of identify
 g - 2 scrolls of enchant weapon
 m - a scroll of recharging
 p - 3 scrolls of teleportation
 x - a scroll of magic mapping
 y - a scroll of enchant armour
 z - 2 scrolls of remove curse
 I - a scroll of fear
Potions
 k - a potion of invisibility
 n - 3 potions of cancellation
 q - a potion of brilliance
 r - 2 potions of curing
 F - a potion of might
Books
 e - a book of Geomancy

   Spells                             Type                      Level
   a - Sandblast                      Earth                        1
   b - Passwall                       Transmutation/Earth          2
   c - Stone Arrow                    Conjuration/Earth            3
   d - Petrify                        Transmutation/Earth          4
   e - Lee's Rapid Deconstruction     Earth                        5
 E - a book of Clouds

   Spells                             Type                      Level
   a - Mephitic Cloud                 Conjuration/Poison/Air       3
   b - Conjure Flame                  Conjuration/Fire             3
   c - Poisonous Cloud                Conjuration/Poison/Air       6
   d - Freezing Cloud                 Conjuration/Ice/Air          6
   e - Ring of Flames                 Charms/Fire                  7
Comestibles
 d - 7 bread rations
 B - 4 slices of pizza
 D - 3 meat rations


   Skills:
 + Level 5.4 Fighting
 + Level 8.3 Maces & Flails
 + Level 5.9 Armour
 + Level 4.3 Dodging
 - Level 2.1 Stealth
 - Level 2.1 Spellcasting
 + Level 5.9 Conjurations
 - Level 2.4 Charms
 - Level 1.9 Transmutations
 - Level 2.3 Air Magic
 + Level 9.5 Earth Magic
 + Level 0.8 Evocations


You had 5 spell levels left.
You knew the following spells:

 Your Spells              Type           Power        Failure   Level  Hunger
a - Sandblast             Erth           #####.       1%          1    #......
b - Passwall              Tmut/Erth      ###.......   6%          2    ##.....
c - Stone Arrow           Conj/Erth      ####..       6%          3    ###....
d - Repel Missiles        Chrm/Air       ##....       24%         2    ##.....


Dungeon Overview and Level Annotations

Branches:
Dungeon (9/15)             Temple (1/1) D:6            Lair (1/6) D:9
    Orc: D:9-12

Altars:
Ashenzari
Cheibriados
Dithmenos
Elyvilon
Fedhas
Gozag
Hepliaklqana
Kikubaaqudgha
Makhleb
Nemelex Xobeh
Okawaru
Ru
Sif Muna
Trog
Uskayaw
Vehumet
Xom
Yredelemnul
Zin
The Shining One

Shops:
D:4 [*(?

Annotations:
D:3 Edmund
D:9 sheala's ghost, novice HEEn


Innate Abilities, Weirdness & Mutations

You are resistant to torment.
Your stone body is resilient. (AC +7)
You are immune to poison.
You resist negative energy. (rN+)
You are resistant to electric shocks. (rElec)
You can survive without breathing.
You are immune to petrification.
You are immune to rotting.


Message History

Press: ? - help, Shift-Dir - straight line, f/p - eight-headed hydra
Aim: an eight-headed hydra (heavily wounded)
Okay, then.
Casting: Sandblast
Confirm with . or Enter, or press ? or * to list all spells.
Aiming: Stone Arrow
Press: ? - help, Shift-Dir - straight line, f/p - eight-headed hydra
Aim: an eight-headed hydra (heavily wounded)
The stone arrow hits the eight-headed hydra.
The eight-headed hydra is severely wounded.
The eight-headed hydra barely misses you. x2
The eight-headed hydra bites you.
The eight-headed hydra bites you but does no damage.
The eight-headed hydra bites you.
* * * LOW HITPOINT WARNING * * *
The eight-headed hydra barely misses you.
The eight-headed hydra bites you!
* * * LOW HITPOINT WARNING * * *
The eight-headed hydra bites you!
You die...

#...### #......
##.### #...###
###..## ## #...#
#.#...###P## ..
#.........# #.##
##...#.P.####.... #
#..#.......#.....
+.###D###.###.#.....
#....@#.....#.P.....
####..#..##.#.......
##.....#...#
#..#P.##P.#
#.....#...#
##.###.#### #.>#####
####...# #
#.###..####P#


You could see an eight-headed hydra.

Vanquished Creatures
  A hydra (Lair:1)
  2 trolls
  A human (D:7)
  Eustachio (D:4)
  4 hogs (D:7)
  A hungry ghost (D:7)
  Menkaure (D:4)
  3 wargs
  The ghost of StoryTimeSA the Shooter, an amateur DEHu (D:4)
  3 water moccasins
  2 orc warriors
  4 sky beasts
  A black bear (D:7)
  2 phantoms (D:7)
  6 ogres
  4 centaurs
  A crocodile (Lair:1)
  2 big kobolds (D:8)
  4 bullfrogs
  A wyvern zombie (D:6)
  2 scorpions
  A water moccasin skeleton (D:7)
  A howler monkey (D:9)
  3 crimson imps
  A bullfrog zombie (D:6)
  3 hounds
  A bullfrog skeleton (D:7)
  A jelly (D:6)
  Crazy Yiuf (D:3)
  7 orc priests
  4 orc wizards
  3 worker ants
  A hound zombie (D:7)
  A howler monkey zombie (D:8)
  10 adders
  A shadow imp (D:5)
  An ooze (D:3)
  2 adder zombies
  2 adder skeletons
  5 worms
  A leopard gecko (D:4)
  26 orcs
  7 giant cockroaches
  7 hobgoblins
  9 jackals
  15 kobolds
  5 quokkas
  7 bats
  5 frilled lizards
  8 goblins
  A quokka skeleton (D:4)
  10 rats
197 creatures vanquished.

Notes
Turn   | Place    | Note
-------+----------+-------------------------------------------
     0 | D:1      | Jarno the Gargoyle Earth Elementalist began the quest for the Orb.
     0 | D:1      | Reached XP level 1. HP: 10/10 MP: 3/3
   427 | D:1      | Reached XP level 2. HP: 10/15 MP: 3/5
   623 | D:1      | Reached skill level 4 in Earth Magic
  1099 | D:1      | Reached skill level 1 in Maces & Flails
  1104 | D:1      | Learned a level 2 spell: Passwall
  1311 | D:2      | Found a bloodstained altar of Trog.
  1355 | D:2      | Reached XP level 3. HP: 16/20 MP: 6/6
  1488 | D:2      | Reached skill level 1 in Fighting
  1494 | D:2      | Learned a level 3 spell: Stone Arrow
  1672 | D:2      | Reached skill level 1 in Conjurations
  1712 | D:2      | Reached XP level 4. HP: 14/25 MP: 7/7
  1838 | D:2      | Found a basalt altar of Yredelemnul.
  2090 | D:3      | HP: 1/25 [orc wizard/dagger (2)]
  2093 | D:3      | Reached XP level 5. HP: 2/29 MP: 1/8
  2466 | D:3      | Found a glowing silver altar of Zin.
  2477 | D:3      | Reached skill level 5 in Earth Magic
  2636 | D:3      | Found a shadowy altar of Dithmenos.
  2997 | D:3      | Found a snail-covered altar of Cheibriados.
  3046 | D:3      | Reached XP level 6. HP: 34/34 MP: 7/9
  3212 | D:3      | Found a runed door.
  3217 | D:3      | Noticed Crazy Yiuf
  3219 | D:3      | Killed Crazy Yiuf
  3412 | D:4      | Found Coquc's Magic Scroll Shop.
  3412 | D:4      | Noticed Edmund
  3414 | D:4      | Noticed StoryTimeSA's ghost (amateur DEHu)
  3415 | D:4      | Noticed Menkaure
  3848 | D:4      | Noticed an orc warrior
  4102 | D:4      | Bought a scroll of identify for 26 gold pieces
  4102 | D:4      | Bought a scroll of identify for 26 gold pieces
  4102 | D:4      | Bought 2 scrolls of identify for 52 gold pieces
  4102 | D:4      | Bought a scroll of identify for 26 gold pieces
  4110 | D:4      | Found a hide-covered altar of Uskayaw.
  4111 | D:4      | Found Aruxics's General Store.
  4133 | D:4      | Killed Menkaure
  4133 | D:4      | Reached skill level 1 in Armour
  4133 | D:4      | Reached skill level 6 in Earth Magic
  4249 | D:4      | Reached XP level 7. HP: 14/39 MP: 1/10
  4255 | D:4      | Noticed Eustachio
  4259 | D:5      | Entered Level 5 of the Dungeon
  4786 | D:4      | Found Mahorom's Weapon Emporium.
  4824 | D:4      | Found Epteful's Armour Emporium.
  5108 | D:4      | Reached skill level 5 in Conjurations
  5108 | D:4      | Reached skill level 7 in Earth Magic
  5108 | D:4      | Reached XP level 8. HP: 45/45 MP: 7/11
  5160 | D:4      | Killed Eustachio
  5277 | D:4      | Killed StoryTimeSA's ghost
  5940 | D:5      | Found a glowing golden altar of the Shining One.
  6602 | D:6      | Found an ancient bone altar of Kikubaaqudgha.
  6721 | D:6      | Found a staircase to the Ecumenical Temple.
  6741 | D:6      | Reached skill level 8 in Earth Magic
  6741 | D:6      | Reached XP level 9. HP: 43/51 MP: 12/12
  6786 | D:6      | Reached skill level 5 in Maces & Flails
  6791 | Temple   | Entered the Ecumenical Temple
  6845 | Temple   | Became a worshipper of Vehumet
  7382 | D:7      | Learned a level 2 spell: Repel Missiles
  7518 | D:7      | Reached skill level 1 in Air Magic
  7571 | D:7      | Reached skill level 1 in Charms
  7672 | D:4      | Bought 2 scrolls of remove curse for 72 gold pieces
  7945 | D:7      | Reached * piety under Vehumet
  7945 | D:7      | Offered knowledge of Magic Dart by Vehumet.
  8005 | D:7      | Reached XP level 10. HP: 42/58 MP: 6/13
  8715 | D:8      | Reached skill level 5 in Fighting
  8882 | D:8      | Reached skill level 5 in Armour
  9520 | D:8      | Reached skill level 9 in Earth Magic
  9613 | D:9      | Reached skill level 1 in Transmutations
  9769 | D:9      | Noticed sheala's ghost (novice HEEn)
 10272 | D:9      | Found a staircase to the Lair.
 10285 | Lair:1   | Entered Level 1 of the Lair of Beasts
 10497 | Lair:1   | Noticed a four-headed hydra
 10523 | Lair:1   | Killed a four-headed hydra
 10616 | Lair:1   | Noticed an eight-headed hydra
 10649 | Lair:1   | Slain by an eight-headed hydra

Skill      XL: |  1  2  3  4  5  6  7  8  9 10 |
---------------+-------------------------------+-----
Earth Magic    | 4 5 6 7 8 9 |  9.5
Maces & Flails | 1 2 3 4 6 8 |  8.3
Fighting       | 1 2 3 4 5 |  5.4
Conjurations   | 1 3 4 5 |  5.9
Armour         | 1 2 3 4 5 |  5.9
Dodging        | 2 3 4 |  4.3
Air Magic      | 1 2 |  2.3
Charms         | 1 2 |  2.4
Transmutations | 1 |  1.9
Stealth        | |  2.1
Spellcasting   | |  2.1
Evocations     | |  0.8

Action                   |  1- 3 |  4- 6 |  7- 9 | 10-12 || total
-------------------------+-------+-------+-------+-------++-------
Melee: Mace              |   111 |   164 |   362 |   183 ||   820
 Cast: Sandblast         |    17 |    83 |    64 |    25 ||   189
       Stone Arrow       |       |     3 |    16 |    11 ||    30
       Repel Missiles    |       |       |       |     1 ||     1
 Abil: Evoke Berserk Rag |       |       |     2 |       ||     2
Evoke: Rod               |       |       |       |     3 ||     3
       Wand              |       |       |       |     1 ||     1
  Use: Scroll            |       |    11 |    11 |     3 ||    25
       Potion            |       |     3 |       |     1 ||     4
 Stab: Sleeping          |     1 |       |     2 |       ||     3
  Eat: Chunk             |     3 |     9 |    11 |     4 ||    27
       Pizza             |       |     1 |       |     3 ||     4
       Beef jerky        |       |       |     1 |     2 ||     3
       Bread ration      |       |       |     1 |       ||     1
Armor: Leather armour    |    59 |    43 |       |       ||   102
       Ring mail         |       |    71 |   251 |   127 ||   449
Dodge: Dodged            |   107 |   134 |   229 |   132 ||   602
       Deflected         |       |       |       |     1 ||     1
